[Event "Early-Titled-Tuesday-Blitz-October-03-2023"]
[Site "Chess.com"]
[Date "2023.10.03"]
[Round "8"]
[White "Zavgorodniy_Sergiy"]
[Black "sofaceindisguise"]
[Result "1-0"]
[WhiteElo "2631"]
[BlackElo "2779"]
[TimeControl "180+1"]
[EndTime "9:29:10 PDT"]
[Termination "Zavgorodniy_Sergiy won by resignation"]

1. e4 c5 2. Nf3 e6 3. d3 Nc6 4. g3 Nf6 5. Bg2 g6 6. O-O d5 7. e5 Nd7 8. Qe2 Bg7 9. Bf4 O-O 10.
h4 f6 11. exf6 Qxf6 12. Nc3 h6 13. Rae1 e5 14. Nxd5 Qf7 15. Nc7 exf4 16. Nxa8 Nd4 17.
Nxd4 Bxd4 18. c3 Be5 19. Qe4 Kg7 20. Bh3 Nf6 21. Qxe5 Bxh3 22. Nc7 Kh7 23. Qxf4 Bxf1 24. Kxf1 Qd7 25. Ne6 Rf7 26. Nxc5 Qd5 27. Ne4 Qxd3+ 28. Kg1 Qa6 29. Nxf6+ Kg7 30. Ne8+ Kf8 1-0

[Event "Early-Titled-Tuesday-Blitz-October-03-2023"]
[Site "Chess.com"]
[Date "2023.10.03"]
[Round "8"]
[White "MathiasWomacka"]
[Black "Fradi82"]
[Result "1-0"]
[WhiteElo "2549"]
[BlackElo "2330"]
[TimeControl "180+1"]
[EndTime "9:29:11 PDT"]
[Termination "MathiasWomacka won by resignation"]

1. e4 Nf6 2. e5 Nd5 3. d4 d6 4.
Nf3 Nb6 5. a4 a5 6. exd6 exd6 7.
h3 Be7 8. Bd3 O-O 9. O-O c6 10.
Bf4 d5 11. Nc3 Bd6 12. Ne2 Bxf4 13. Nxf4 Qd6 14. Qd2 N8d7 15. Rfe1 Nf6 16. Ne5 Nbd7 17. Re3 b6 18. c3 Ba6 19. Bc2 Rae8 20. Rae1 h6 21. Bb1 b5 22. Qc2 b4 23. Nxd7 Qxd7 24.
Nh5 Ne4 25. f3 b3 26. Qxb3 Nd2 27. Qc2 Nxb1 28. Qxb1 Rxe3 29. Rxe3 Re8 30. Qe1 Rxe3 31. Qxe3 Qf5 32. Qe5 Qxe5 33. dxe5 Kf8 34. Kf2 Ke7 35.
Nxg7 Bc4 36. Nf5+ Ke6 37. Nxh6 Kxe5 38. Nxf7+ Ke6 39. Nd8+ Kd7 40. Nb7 Bb3 41. Nc5+ Kd6 42. Nxb3 c5 43. Ke3 1-0

[Event "Early-Titled-Tuesday-Blitz-October-03-2023"]
[Site "Chess.com"]
[Date "2023.10.03"]
[Round "8"]
[White "lolo9292"]
[Black "Doudou2015"]
[Result "0-1"]
[WhiteElo "2141"]
[BlackElo "2172"]
[TimeControl "180+1"]
[EndTime "9:29:11 PDT"]
[Termination "Doudou2015 won on time"]

1. e4 c5 2. Nf3 Nc6 3. d4 cxd4 4.
Nxd4 e5 5. Nb5 a6 6. Nd6+ Bxd6 7. Qxd6 Qf6 8. Qd1 Qg6 9. Nc3 Nge7 10. Be3 d5 11.
exd5 Nb4 12. Rc1 Bf5 13. d6 Rd8 14. a3 Rxd6 15. Qf3 Nxc2+ 16. Rxc2 Bxc2 17. Qxb7 Nf5 18. Bc5 Rc6 19. Qb8+ Kd7 20. Qxh8 Rxc5 21. g3 Nd4 22.
Bg2 Bd3 23. Qa8 Nc2+ 24. Kd2 Qd6 25. Kc1 Nxa3 26. bxa3 Rxc3+ 27. Kd2 Qxa3 28. Bh3+ Ke7 29.
Qb7+ Kf6 30. Qf3+ Ke7 31. Qb7+ Kd6 32. Qd7+ Kc5 33. Qe7+ Kd4 34. Qxa3 Rxa3 35. Rc1 Ra2+ 36. Ke1 Re2+ 37. Kd1 Rxf2 38. Rc7 Ke3 39. Rc3 Rxh2 40. Ra3 Rxh3 0-1

[Event "Early-Titled-Tuesday-Blitz-October-03-2023"]
[Site "Chess.com"]
[Date "2023.10.03"]
[Round "8"]
[White "carloseduar100"]
[Black "lefonghua"]
[Result "1/2-1/2"]
[WhiteElo "2351"]
[BlackElo "2591"]
[TimeControl "180+1"]
[EndTime "9:29:12 PDT"]
[Termination "Game drawn by stalemate"]

1. d4 Nf6 2. Bg5 g6 3. Bxf6 exf6 4.
g3 Bg7 5. Bg2 O-O 6. e3 d6 7.
Ne2 c6 8. O-O f5 9. c4 Nd7 10.
Nbc3 Nf6 11. b4 h5 12. a4 h4 13. a5 a6 14. b5 axb5 15. cxb5 Rxa5 16. Rxa5 Qxa5 17.
bxc6 bxc6 18. Bxc6 hxg3 19. hxg3 Bd7 20. Qa4 Qxa4 21.
Bxa4 Bxa4 22. Nxa4 Ra8 23. Nb6 Ra2 24. Nf4 Ne4 25.
Nc4 Bh6 26. Nd5 Kg7 27. f3 Nxg3 28. Rb1 Re2 29. Rb7 Kg8 30. Nf6+ Kg7 31. Nd5 f4 32. exf4 Re6 33. Kf2 Nh5 34. Nc7 Re7 35. Nxd6 Kh7 36. Nd5 Rxb7 37. Nxb7 Nxf4 38. Nxf4 Bxf4 39. d5 g5 40. d6 Kg6 41. d7 Bc7 42. d8=Q Bxd8 43.
Nxd8 f5 44. Ne6 Kf6 45. Nd4 Ke5 46. Ne2 Kd5 47. Ke3 Ke5 48. Nc3 f4+ 49. Kd3 Kf5 50.
Ne4 g4 51. Nd6+ Kg5 52. Nf7+ Kf6 53. fxg4 Kxf7 54. Ke4 Kf6 55. Kxf4 Kg6 56. g5 Kg7 57. Kf5 Kf7 58. g6+ Kg7 59. Kg5 Kg8 60. Kf6 Kf8 61. g7+ Kg8 62. Kg6 1/2-1/2

[Event "Early-Titled-Tuesday-Blitz-October-03-2023"]
[Site "Chess.com"]
[Date "2023.10.03"]
[Round "8"]
[White "bascheyaro"]
[Black "vladislavkovalev"]
[Result "1-0"]
[WhiteElo "2829"]
[BlackElo "2867"]
[TimeControl "180+1"]
[EndTime "9:29:16 PDT"]
[Termination "bascheyaro won by resignation"]

1. d4 Nf6 2. Nf3 e6 3. c4 b6 4. g3 Ba6 5. Nbd2 Bb4 6. Qc2 Bb7 7. Bg2 Be4 8. Qb3 Nc6 9. O-O Bxd2 10. Bxd2 O-O 11. Bc3 d6 12. Qa4 Qd7 13. Qd1 Ne7 14. Bh3 Bf5 15. Bg2 Be4 16. Bh3 Nf5 17. d5 Bxf3 18.
exf3 e5 19. Qb1 g6 20. f4 Rae8 21. Re1 h5 22. fxe5 dxe5 23. Bxf5 gxf5 24. Bxe5 Ne4 25. Bf4 b5 26. b3 bxc4 27. bxc4 c6 28. Qd1 cxd5 29.
Qxh5 dxc4 30. f3 Nc5 31. Qg5+ Kh7 32. Qh4+ Kg8 33. Bh6 f6 34. Bxf8 Rxe1+ 35. Rxe1 Nd3 36. Qxc4+ Kxf8 37. Rd1 Ne5 38. Rxd7 1-0

[Event "Early-Titled-Tuesday-Blitz-October-03-2023"]
[Site "Chess.com"]
[Date "2023.10.03"]
[Round "8"]
[White "chito89"]
[Black "Elprofessor21"]
[Result "1-0"]
[WhiteElo "2806"]
[BlackElo "2665"]
[TimeControl "180+1"]
[EndTime "9:29:19 PDT"]
[Termination "chito89 won by resignation"]

1. c4 g6 2. Nf3 Bg7 3. d4 d6 4. g3 Nf6 5. Bg2 O-O 6. O-O Nbd7 7. Nc3 c6 8. e4 e5 9. Re1 exd4 10.
Nxd4 Re8 11. h3 a5 12. Bf4 Nc5 13. Nb3 Nxb3 14. axb3 Bf8 15. Qd2 Nh5 16. Bh6 Be7 17. Red1 Qb6 18. Be3 Qxb3 19. Bf1 Bf6 20. Bd4 Be6 21.
g4 Bxd4 22. Qxd4 Ng7 23. Qxd6 Qxb2 24. Qd4 b5 25. Rdb1 c5 26. Qe3 Qc2 27. Ra2 Qxb1 28.
Nxb1 b4 29. Qxc5 Rec8 30. Qb6 Rcb8 31. Rxa5 Rxb6 32. Rxa8+ Ne8 33. Rxe8+ Kg7 34. Rd8 b3 35. f4 Ra6 36. f5 gxf5 37. gxf5 Bxf5 38. exf5 Ra1 39. Bd3 b2 40. Rb8 Kf6 41. Rxb2 Ke5 42. Kf2 Kf4 43. c5 Ra4 44. Rc2 1-0

[Event "Early-Titled-Tuesday-Blitz-October-03-2023"]
[Site "Chess.com"]
[Date "2023.10.03"]
[Round "8"]
[White "Caroexpert"]
[Black "Mesa_1"]
[Result "0-1"]
[WhiteElo "2500"]
[BlackElo "2635"]
[TimeControl "180+1"]
[EndTime "9:29:20 PDT"]
[Termination "Mesa_1 won by resignation"]

1. d4 Nf6 2. c4 g6 3. Nc3 Bg7 4.
e4 O-O 5. h3 d6 6. Be3 Nc6 7. Nge2 e5 8. d5 Nd4 9. Nxd4 exd4 10.
Bxd4 Nxe4 11. Nxe4 Re8 12. f3 f5 13. Bxg7 Kxg7 14.
Qd4+ Kg8 15. Bd3 fxe4 16. Bxe4 Qh4+ 17. Qf2 Qf6 18. O-O Bf5 19. Bxf5 Qxf5 20. Rae1 Qd3 21. b3 b6 22. Re4 Rf8 23. Rfe1 Rf7 24. Re8+ Rxe8 25.
Rxe8+ Rf8 26. Re6 b5 27. Re4 bxc4 28. bxc4 Qb1+ 29. Kh2 Qxe4 30. Qxa7 Qf4+ 31. Kh1 Qc1+ 32. Kh2 Qxc4 33. Qb7 Qf4+ 34. Kh1 Re8 0-1

[Event "Early-Titled-Tuesday-Blitz-October-03-2023"]
[Site "Chess.com"]
[Date "2023.10.03"]
[Round "8"]
[White "JimDiGrease"]
[Black "Firouzja2003"]
[Result "0-1"]
[WhiteElo "2933"]
[BlackElo "3123"]
[TimeControl "180+1"]
[EndTime "9:29:21 PDT"]
[Termination "Firouzja2003 won by resignation"]

1. d4 Nf6 2. c4 g6 3. Nc3 Bg7 4.
e4 d6 5. Nf3 O-O 6. Be2 e5 7.
O-O Na6 8. Be3 Qe7 9. Bg5 exd4 10. Nd5 Qd8 11. Nxd4 c6 12. Bxf6 Bxf6 13. Nxf6+ Qxf6 14. Qd2 Re8 15. f3 Nc7 16. Rad1 d5 17. exd5 cxd5 18. c5 Bd7 19. Rfe1 Re7 20. Bf1 Rae8 21. Rxe7 Rxe7 22. b4 a6 23. Qf2 h5 24. Rd2 Bb5 25. Bxb5 Nxb5 26.
g3 Na3 27. Nb3 Nc4 28. Rxd5 Qc3 29. Rd8+ Kh7 30. Rd1 Ne3 31. Rc1 Qxb4 32. c6 bxc6 33. Rxc6 Nd1 34. Qd4 Qe1+ 35. Kg2 Ne3+ 36. Kh3 Qf1+ 0-1

[Event "Early-Titled-Tuesday-Blitz-October-03-2023"]
[Site "Chess.com"]
[Date "2023.10.03"]
[Round "8"]
[White "vladgoncharov"]
[Black "AsaHoffmann"]
[Result "1-0"]
[WhiteElo "2518"]
[BlackElo "2385"]
[TimeControl "180+1"]
[EndTime "9:29:22 PDT"]
[Termination "vladgoncharov won on time"]

1. d4 Nf6 2. c4 c5 3. Nf3 cxd4 4. Nxd4 e5 5. Nb5 d5 6. cxd5 Bb4+ 7. N5c3 O-O 8. a3 Ba5 9. b4 Bb6 10. e3 Bf5 11.
Bd3 e4 12. Be2 Nbd7 13. g4 Bg6 14. h4 h6 15. g5 hxg5 16. hxg5 Nh7 17. Bb2 Qxg5 18.
Bh5 Nhf6 19. Be2 Rac8 20. Nd2 Ne5 21. Nf1 Rfd8 22. Ng3 Bxe3 23. Rg1 Bb6 24. Na4 Nd3+ 25. Bxd3 exd3 26. Nxb6 axb6 27. Kf1 Rxd5 28. Rc1 Rc2 29. Ne4 Qxg1+ 30. Kxg1 Bxe4 31. Bxf6 Rxc1 32. Qxc1 gxf6 33.
Qd2 Bg6 34. Kh2 Re5 35. Kg3 Re2 36. Qd1 Ra2 37. a4 1-0

[Event "Early-Titled-Tuesday-Blitz-October-03-2023"]
[Site "Chess.com"]
[Date "2023.10.03"]
[Round "8"]
[White "JiiHart"]
[Black "rikchessmx"]
[Result "1/2-1/2"]
[WhiteElo "2194"]
[BlackElo "2330"]
[TimeControl "180+1"]
[EndTime "9:29:22 PDT"]
[Termination "Game drawn by repetition"]

1. e4 c5 2. c3 e6 3. d4 cxd4 4. cxd4 b6 5. Bd3 Bb7 6. Qe2 Nc6 7. Nf3 Nb4 8. Bc4 Rc8 9. Na3 a6 10. O-O b5 11. Bb3 Nf6 12. Bg5 Be7 13. Nd2 h6 14.
Bf4 d5 15. e5 Nd7 16. Rac1 Nc6 17. Be3 Bxa3 18. bxa3 Nb6 19. Qg4 g6 20. Bc2 Qe7 21. Nb3 Nc4 22. Nc5 Rc7 23. a4 Bc8 24. axb5 axb5 25.
a4 Nxe3 26. fxe3 Nxe5 27. Qg3 Nc4 28. axb5 Rxc5 29. dxc5 Qxc5 30. Bxg6 fxg6 31. Qxg6+ Ke7 32. Qg7+ Kd6 33. Qxh8 Qxe3+ 34. Kh1 Bd7 35. Qf8+ Kc7 36. b6+ Qxb6 37. Rb1 Qa7 38. Rf7 Kc6 39. h3 h5 40.
Qd8 Nd6 41. Rg7 Qc5 42. Qa8+ Kc7 43. Rg8 Nc8 44. Rb8 Qc1+ 45. Kh2 Qf4+ 46. Kh1 Qc1+ 47. Kh2 Qf4+ 48. Kh1 Qc1+ 1/2-1/2

[Event "Early-Titled-Tuesday-Blitz-October-03-2023"]
[Site "Chess.com"]
[Date "2023.10.03"]
[Round "8"]
[White "demondom"]
[Black "APOKALIPSA13"]
[Result "0-1"]
[WhiteElo "2059"]
[BlackElo "2159"]
[TimeControl "180+1"]
[EndTime "9:29:22 PDT"]
[Termination "APOKALIPSA13 won by resignation"]

1. d4 e5 2. dxe5 Nc6 3. Nf3 Qe7 4. Bf4 Qb4+ 5. Bd2 Qxb2 6. Nc3 Bb4 7. Rb1 Qxc3 8.
Bxc3 Bxc3+ 9. Nd2 Bxe5 10. e3 Nf6 11. Bd3 O-O 12. O-O d5 13. h3 h6 14. Nf3 Bc3 15.
Rb3 Ba5 16. Nd4 Ne5 17. Nf5 c5 18. Rb5 Bb6 19. c3 Nxd3 20. Qxd3 Bd7 21. Rb2 c4 22. Qc2 Rab8 23. Rd1 Rfe8 24. Nd4 Bc5 25. a4 a6 26.
Rdb1 Bc8 27. a5 Ne4 28. Ne2 Re7 29. Nf4 Nf6 30. Rd1 Rxe3 31. fxe3 Bxe3+ 32. Kh1 Bxf4 33. Rb6 Ne4 34. Rxd5 Ng3+ 35. Kg1 Be6 36. Rd4 Be3+ 37. Kh2 Nf1+ 38. Kh1 Re8 39. Rd1 Bf5 40. Qe2 Ng3+ 41. Kh2 Nxe2 42. Re1 Bxb6 43. axb6 Bd3 0-1

[Event "Early-Titled-Tuesday-Blitz-October-03-2023"]
[Site "Chess.com"]
[Date "2023.10.03"]
[Round "8"]
[White "viktorskliarov"]
[Black "Mops_2004"]
[Result "0-1"]
[WhiteElo "2659"]
[BlackElo "2802"]
[TimeControl "180+1"]
[EndTime "9:29:25 PDT"]
[Termination "Mops_2004 won by resignation"]

1. e4 g6 2. d4 Bg7 3. Nc3 d6 4. Be3 a6 5. f3 b5 6. Qd2 Nd7 7. g4 Bb7 8. h4 h6 9. O-O-O e6 10. Kb1 Ne7 11. Nh3 c5 12. Ne2 Qc7 13. c3 a5 14. Bf4 e5 15. Bg3 Nb6 16. Bg2 b4 17. dxc5 dxc5 18. Qd6 Qxd6 19. Rxd6 Nc4 20. Rd3 Ba6 21. Rhd1 O-O 22. Rd7 Nc6 23. Bf2 bxc3 24. Nxc3 Nd4 25. Nd5 Rfb8 26. b3 a4 27. Bxd4 exd4 28.
Kc2 axb3+ 29. axb3 Na3+ 30. Kd2 Rxb3 31. Bf1 Rb2+ 32. Ke1 Nc2+ 33. Kf2 Ne3+ 34. Kg3 Nxf1+ 0-1

[Event "Early-Titled-Tuesday-Blitz-October-03-2023"]
[Site "Chess.com"]
[Date "2023.10.03"]
[Round "8"]
[White "JAN2404"]
[Black "inegrepus"]
[Result "1-0"]
[WhiteElo "2089"]
[BlackElo "2165"]
[TimeControl "180+1"]
[EndTime "9:29:25 PDT"]
[Termination "JAN2404 won by checkmate"]

1. e4 c5 2. Nf3 Nc6 3. Bc4 e6 4.
d4 d5 5. exd5 exd5 6. Bb5 Nf6 7.
O-O Be7 8. dxc5 O-O 9. Bg5 Bxc5 10. Bxf6 Qxf6 11. Qxd5 Bb6 12. Nc3 Be6 13. Qg5 Qxg5 14.
Nxg5 Bf5 15. Bxc6 bxc6 16. Nge4 Rfe8 17. Rfe1 Ba5 18. h3 g6 19. Nf6+ Kf8 20. Rxe8+ Rxe8 21.
Nxe8 Kxe8 22. Re1+ Kd7 23. Re2 Kd6 24. a3 Bb6 25. g4 Be6 26. Kg2 h6 27. Kf3 a5 28. h4 Bd8 29. g5 hxg5 30. hxg5 Bxg5 31. Ne4+ Kd5 32. Nxg5 Bf5 33. c3 Kc4 34. Ne4 Kb3 35.
Nd6 Be6 36. Nb7 c5 37. Nxc5+ Ka2 38. Nxe6 fxe6 39. c4 g5 40. c5 g4+ 41. Kxg4 e5 42. c6 e4 43. Rxe4 a4 44. Re3 Kb1 45. c7 Ka2 46.
c8=Q Kb1 47. Qc3 Ka2 48. b3 Kb1 49. Re1+ Ka2 50. Ra1# 1-0

[Event "Early-Titled-Tuesday-Blitz-October-03-2023"]
[Site "Chess.com"]
[Date "2023.10.03"]
[Round "8"]
[White "rachidhuilda"]
[Black "nitpicker"]
[Result "1-0"]
[WhiteElo "2394"]
[BlackElo "2240"]
[TimeControl "180+1"]
[EndTime "9:29:26 PDT"]
[Termination "rachidhuilda won on time"]

1. d4 Nf6 2. Bg5 d5 3. Bxf6 exf6 4. e3 Bd6 5. g3 c6 6. Bg2 f5 7. Ne2 Nd7 8. Nd2 Nf6 9. c4 h5 10. cxd5 cxd5 11. Nc3 Be6 12. Qb3 Be7 13. Qb5+ Kf8 14. h4 Ne4 15. Ndxe4 fxe4 16. Bh3 Rh6 17. Rc1 Qb6 18.
Qxb6 axb6 19. Bxe6 fxe6 20. a3 g5 21. hxg5 Bxg5 22. Ke2 Kg7 23. Rh2 Rf8 24. Rch1 Rhf6 25. Nd1 h4 26. gxh4 Bh6 27. Rg2+ Kh7 28. Rh3 Rc8 29.
Nc3 b5 30. Rh1 Rc4 31. Rc1 b4 32. axb4 Rxb4 33. Rc2 Bf8 34. Rg4 Rh6 35. Nxe4 dxe4 36. Rxe4 Rb6 37. Rc7+ Kh8 38. Rf4 Bg7 39. Rff7 Rxb2+ 40. Kf3 Rg6 41. Rxb7 Rf6+ 42. Rxf6 Bxf6 43. Rxb2 1-0

[Event "Early-Titled-Tuesday-Blitz-October-03-2023"]
[Site "Chess.com"]
[Date "2023.10.03"]
[Round "8"]
[White "ActorXu"]
[Black "sergoy"]
[Result "0-1"]
[WhiteElo "2722"]
[BlackElo "3016"]
[TimeControl "180+1"]
[EndTime "9:29:27 PDT"]
[Termination "sergoy won on time"]

1. e4 c5 2. Nf3 d6 3. Bb5+ Nd7 4.
d4 cxd4 5. Nxd4 Nf6 6. O-O a6 7.
Bd3 g6 8. c4 Bg7 9. Nc3 O-O 10.
Be3 Ne5 11. h3 Bd7 12. Rc1 Rc8 13. b3 Qa5 14. a4 e6 15. Re1 Rfd8 16. Bf1 Be8 17.
Qd2 d5 18. f4 Nc6 19. e5 Nxd4 20. Bxd4 dxc4 21. Qf2 Rxd4 22. Qxd4 Bf8 23. Kh2 Bc5 24. Qxc4 Bg1+ 25. Kxg1 Rxc4 26. Bxc4 Nh5 27. Ne4 Bc6 28. Be2 Nxf4 29. Nf6+ Kg7 30. Bf3 Bxf3 31. gxf3 Qd2 32. Ne8+ Kh6 0-1

[Event "Early-Titled-Tuesday-Blitz-October-03-2023"]
[Site "Chess.com"]
[Date "2023.10.03"]
[Round "8"]
[White "Journey_to_GrandMaster_YT"]
[Black "GalaxyRoman"]
[Result "1-0"]
[WhiteElo "2593"]
[BlackElo "2709"]
[TimeControl "180+1"]
[EndTime "9:29:27 PDT"]
[Termination "Journey_to_GrandMaster_YT won by resignation"]

1. d4 Nf6 2. Nf3 e6 3. c4 b6 4.
e3 Bb7 5. Bd3 c5 6. O-O Be7 7.
Nc3 O-O 8. d5 exd5 9. cxd5 d6 10. e4 Nbd7 11. h3 a6 12. a4 Re8 13. Bf4 Bf8 14. Re1 Ne5 15. Nxe5 dxe5 16. Be3 Rc8 17. Qe2 Ra8 18. Rab1 Re7 19. a5 Rd7 20.
axb6 Qxb6 21. b4 Qc7 22. bxc5 Bxc5 23. Bxc5 Qxc5 24. Na4 Qd6 25. Nb6 Rad8 26. Nxd7 Rxd7 27. Ra1 h6 28. Bxa6 Kh7 29. Bxb7 Rxb7 30. Ra6 Qc5 31.
Rc6 Qd4 32. Qe3 Qb4 33. Qc3 Qa4 34. Qxe5 Rb8 35. Rxf6 Re8 36. Qf5+ Kg8 37. Rxf7 Qb4 38. Rf1 Rxe4 39. Rf8+ Qxf8 40. Qxe4 Qf7 41. Qe6 1-0

[Event "Early-Titled-Tuesday-Blitz-October-03-2023"]
[Site "Chess.com"]
[Date "2023.10.03"]
[Round "8"]
[White "Arystanner"]
[Black "Aradhya2000"]
[Result "0-1"]
[WhiteElo "2820"]
[BlackElo "2709"]
[TimeControl "180+1"]
[EndTime "9:29:29 PDT"]
[Termination "Aradhya2000 won by resignation"]

1. e4 e5 2. Nf3 Nf6 3. Nc3 Nc6 4.
d4 Bb4 5. d5 Ne7 6. Bd3 d6 7.
O-O Bxc3 8. bxc3 O-O 9. c4 Ng6 10. h3 b6 11. a4 a5 12. Nh2 Bd7 13. c3 Re8 14. Bc2 h6 15. Re1 Qc8 16. Qf3 Nf4 17. Bxf4 exf4 18. Qxf4 Qa6 19. Bd3 Bc8 20. e5 dxe5 21.
Rxe5 Rxe5 22. Qxe5 Qb7 23. Nf3 Bd7 24. Qd4 c6 25.
Ne5 cxd5 26. cxd5 Rc8 27. c4 Be8 28. Rb1 Bxa4 29. Rxb6 Qe7 30. d6 Qd8 31. c5 Nd7 32. Ra6 Nxc5 33. Nxf7 Kxf7 34. Ra7+ Bd7 35. Bc4+ Kf8 36.
Rxa5 Qf6 37. Qd5 Ne6 38. Qd3 Nf4 39. Qh7 Rxc4 40. Qh8+ Kf7 41. Ra8 Ne2+ 42. Kf1 Ng3+ 43. Kg1 Rc1+ 44. Kh2 Nf1+ 45. Kg1 Ne3+ 46. Kh2 Qf4+ 0-1

[Event "Early-Titled-Tuesday-Blitz-October-03-2023"]
[Site "Chess.com"]
[Date "2023.10.03"]
[Round "8"]
[White "AttilaTurzo"]
[Black "SAInt_666"]
[Result "0-1"]
[WhiteElo "2472"]
[BlackElo "2646"]
[TimeControl "180+1"]
[EndTime "9:29:29 PDT"]
[Termination "SAInt_666 won by resignation"]

1. d4 Nf6 2. Bf4 Nc6 3. Nf3 d6 4.
c3 Nd7 5. e4 e5 6. dxe5 dxe5 7.
Be3 Bc5 8. Qd2 O-O 9. Bb5 Qe7 10. Bxc6 bxc6 11. Bxc5 Nxc5 12. O-O Ba6 13. Re1 Rfd8 14.
Qe3 Rd3 15. Qc1 Rd7 16. Qe3 f6 17. b4 Nd3 18. Rd1 Rad8 19. Nbd2 c5 20. a3 Nf4 21.
Re1 Rd3 22. Qxc5 Qxc5 23. bxc5 Rxd2 24. Nxd2 Rxd2 25. Red1 Rd3 26. Rxd3 Bxd3 27. f3 Ne6 28. Kf2 Nxc5 29. Ke3 Kf7 30. Rd1 Bb5 31. Rd8 a6 32.
Rc8 Ne6 33. g3 h6 34. h4 Ke7 35. f4 exf4+ 36. gxf4 g5 37. hxg5 hxg5 38. f5 Bd7 39.
Ra8 Nc5 40. Kd4 Nb3+ 41. Kc4 Na5+ 42. Kd5 Bc6+ 0-1

[Event "Early-Titled-Tuesday-Blitz-October-03-2023"]
[Site "Chess.com"]
[Date "2023.10.03"]
[Round "8"]
[White "cycygogne"]
[Black "amylazy"]
[Result "1-0"]
[WhiteElo "2241"]
[BlackElo "2365"]
[TimeControl "180+1"]
[EndTime "9:29:29 PDT"]
[Termination "cycygogne won by checkmate"]

1. e4 c5 2. Nf3 e6 3. d4 cxd4 4. Nxd4 a6 5. Nc3 Qc7 6. Bd3 Nf6 7. O-O Bc5 8. Nb3 Be7 9. Kh1 d6 10. f4 Nbd7 11. Qe2 b5 12. a3 Bb7 13. Bd2 O-O 14. Rae1 g6 15. e5 dxe5 16. fxe5 Nh5 17. Bh6 Ng7 18. Ne4 Qxe5 19. Bf4 Qxb2 20. Nd6 Bd5 21.
Qg4 Nf6 22. Qh4 Qxa3 23. Be5 Ngh5 24. Ra1 Nd7 25. Qxe7 Qb4 26. Qxd7 Qg4 27. Rf2 Qh4 28. Raf1 Rad8 29. Qc7 Ra8 30. Nxf7 Rxf7 31. Qxf7# 1-0

[Event "Early-Titled-Tuesday-Blitz-October-03-2023"]
[Site "Chess.com"]
[Date "2023.10.03"]
[Round "8"]
[White "Dmitry_Konenkin"]
[Black "ferrufino64"]
[Result "0-1"]
[WhiteElo "2353"]
[BlackElo "2218"]
[TimeControl "180+1"]
[EndTime "9:29:29 PDT"]
[Termination "ferrufino64 won by resignation"]

1. d4 d5 2. Bg5 Nd7 3. Nf3 Ngf6 4. Nbd2 b6 5. e3 e6 6. Ne5 Bb7 7. f4 Be7 8. Bd3 Ne4 9. Bxe7 Qxe7 10. O-O Nxd2 11. Qxd2 f6 12. Nf3 O-O 13. c4 e5 14.
fxe5 fxe5 15. dxe5 Nxe5 16. cxd5 Nxf3+ 17. Rxf3 Rxf3 18. gxf3 Qg5+ 19. Kh1 Bxd5 20. Rf1 Rf8 21. Qe2 Bxa2 22. Be4 Qc5 23. Qd3 Bc4 24. Qd1 Bxf1 25. Qxf1 Qxe3 26. Qh3 Qe1+ 27. Kg2 Qd2+ 28. Kg1 Qd4+ 29. Kg2 g6 30. Qe6+ Kg7 31. b3 Qf6 32. Qd7+ Rf7 33. Qc8 c5 34. Bd5 Rf8 35. Qd7+ Kh6 36. Qh3+ Kg7 37. Qd7+ Kh8 38.
Qxa7 Qg5+ 39. Kf2 Qxd5 40. Qe7 Qxf3+ 0-1

[Event "Early-Titled-Tuesday-Blitz-October-03-2023"]
[Site "Chess.com"]
[Date "2023.10.03"]
[Round "8"]
[White "Hikaru"]
[Black "Hrant_ChessMood"]
[Result "1-0"]
[WhiteElo "3266"]
[BlackElo "2936"]
[TimeControl "180+1"]
[EndTime "9:29:30 PDT"]
[Termination "Hikaru won by resignation"]

1. b3 d5 2. Nf3 c5 3. e3 a6 4. Bb2 Nc6 5. d4 cxd4 6. Nxd4 Nxd4 7. Bxd4 Nf6 8. Be2 e6 9. O-O Be7 10. Nd2 O-O 11. c4 Bd7 12. Bf3 Bc6 13. Rc1 Rc8 14. Qe2 dxc4 15. Nxc4 Bxf3 16. Qxf3 Qd5 17. Qe2 Qb5 18. Qf3 Qd5 19. Bxf6 Qxf3 20. gxf3 gxf6 21. Nb6 Rxc1 22. Rxc1 Rb8 23. Nd7 Rd8 24.
Rc7 b5 25. Ra7 a5 26. Rb7 a4 27. Kg2 Kg7 28. Nb8 Bd6 29. Nc6 Rc8 30. Nd4 axb3 31. axb3 Kg6 32. Nxb5 Bf8 33. f4 f5 34. Nd4 Rc1 35.
b4 Rb1 36. b5 Rb2 37. Nc6 Bg7 38. b6 Bc3 39. Rb8 Be1 40. b7 Bxf2 41. Rg8+ Kf6 42. b8=Q Rxb8 43. Rxb8 Bxe3 44. Kf3 1-0

[Event "Early-Titled-Tuesday-Blitz-October-03-2023"]
[Site "Chess.com"]
[Date "2023.10.03"]
[Round "8"]
[White "MatyChess1"]
[Black "Zhigalko_Sergei"]
[Result "0-1"]
[WhiteElo "2740"]
[BlackElo "2931"]
[TimeControl "180+1"]
[EndTime "9:29:30 PDT"]
[Termination "Zhigalko_Sergei won on time"]

1. d4 Nf6 2. Bf4 e6 3. e3 b6 4. Qf3 Nc6 5. Nc3 Bb7 6. O-O-O Bb4 7. Nge2 O-O 8. e4 d5 9. e5 Nd7 10. Qg3 Kh8 11. h4 Be7 12. Bg5 Ba6 13. Nf4 Bxf1 14. Rhxf1 Rg8 15. Rh1 Qf8 16. Nce2 Re8 17. Qg4 Nd8 18.
Rd3 c5 19. c3 b5 20. Kb1 b4 21. Rg3 bxc3 22. bxc3 cxd4 23. cxd4 Nc6 24. Rc3 Rb8+ 25. Ka1 Ba3 26. Rb1 Rxb1+ 27. Kxb1 Qb4+ 28. Rb3 Qe1+ 29. Kc2 Nb4+ 30. Rxb4 Bxb4 31. Nd3 Rc8+ 32. Kb3 Qd1+ 33.
Kb2 Qxd3 0-1

[Event "Early-Titled-Tuesday-Blitz-October-03-2023"]
[Site "Chess.com"]
[Date "2023.10.03"]
[Round "8"]
[White "vasblesk"]
[Black "Grossboss19"]
[Result "1-0"]
[WhiteElo "2703"]
[BlackElo "2530"]
[TimeControl "180+1"]
[EndTime "9:29:31 PDT"]
[Termination "vasblesk won by checkmate"]

1. Nf3 d5 2. g3 Nf6 3. Bg2 c6 4. O-O g6 5. d3 Bg7 6. Nbd2 O-O 7. e4 Re8 8. e5 Nfd7 9. d4 e6 10. c3 c5 11. Re1 Nc6 12. Nb3 b6 13. h4 a5 14. Bg5 Qc7 15. Rc1 a4 16. Na1 b5 17.
Nc2 Qb8 18. Ne3 h6 19. Bf4 Na5 20. Nxd5 exd5 21. e6 Qb7 22. exd7 Bxd7 23. Rxe8+ Rxe8 24. dxc5 Bg4 25. b4 Nc4 26. Qd3 Bf5 27. Qf1 Be4 28. Re1 Bxc3 29. Rc1 Bxb4 30. Bxh6 Bxc5 31. h5 d4 32. Qd1 Ba3 33. Qxd4 Bb2 34. Rc3 Bxc3 35.
Qxc3 f6 36. Qxf6 Qf7 37. Qxf7+ Kxf7 38. Ng5+ Kg8 39. Nxe4 Rd8 40. hxg6 Ne5 41. Nf6+ Kh8 42. g7# 1-0

[Event "Early-Titled-Tuesday-Blitz-October-03-2023"]
[Site "Chess.com"]
[Date "2023.10.03"]
[Round "8"]
[White "dadice10"]
[Black "Gyulamiryan-koryun"]
[Result "1-0"]
[WhiteElo "2163"]
[BlackElo "1994"]
[TimeControl "180+1"]
[EndTime "9:29:31 PDT"]
[Termination "dadice10 won on time"]

1. e4 e5 2. Nf3 Nc6 3. d4 exd4 4.
Nxd4 Bc5 5. Nxc6 Qf6 6. Qf3 dxc6 7. Nc3 h5 8. Be3 Bb4 9. Bd2 Bg4 10. Qe3 Ba5 11. f3 Bb6 12. Qe2 Be6 13. O-O-O O-O-O 14.
h4 Qe5 15. Be3 Ne7 16. Bxb6 axb6 17. Qe3 Rxd1+ 18. Nxd1 Bxa2 19. Qa3 Qf4+ 20. Ne3 Rh6 21. b3 Qxe3+ 22. Kb2 Bxb3 23. Qxe7 Rd6 24. cxb3 Rd2+ 25. Ka3 Qf2 26. Qe8+ Rd8 27. Qxf7 Qc5+ 28. b4 Qc3+ 29.
Qb3 Qa1+ 30. Qa2 Qc1+ 31. Qb2 Qe3+ 32. Qb3 Qf2 33. Bc4 b5 34. Be6+ Kb8 35. Rd1 Rd6 36. Rxd6 cxd6 37. Bh3 Kc7 38. Qf7+ Kb6 39. Qf4 Ka6 40.
g3 Qc2 41. Be6 1-0

[Event "Early-Titled-Tuesday-Blitz-October-03-2023"]
[Site "Chess.com"]
[Date "2023.10.03"]
[Round "8"]
[White "grandemestregringo"]
[Black "vedantgoswami"]
[Result "1-0"]
[WhiteElo "2530"]
[BlackElo "2396"]
[TimeControl "180+1"]
[EndTime "9:29:32 PDT"]
[Termination "grandemestregringo won on time"]

1. e4 c6 2. d4 d5 3. e5 Bf5 4. h4 h5 5. Bd3 Bxd3 6. Qxd3 e6 7. Nf3 Qa5+ 8. Nbd2 Qa6 9. c4 Nd7 10. O-O Nh6 11.
b3 Nf5 12. a4 Bb4 13. Ba3 Bxa3 14. Rxa3 Qa5 15. b4 Qc7 16. cxd5 cxd5 17. Rc3 Qb6 18.
b5 a6 19. Rb1 O-O 20. Nf1 axb5 21. Rxb5 Qa6 22. Ng3 Nxg3 23. fxg3 Rac8 24. Ng5 g6 25. Rxc8 Rxc8 26. Qf3 Rf8 27. Kh2 b6 28. Qd1 Qc8 29. Rb3 Qc4 30. g4 hxg4 31. Rg3 Kg7 32. Qxg4 Rh8 33. Nxe6+ Kg8 34. h5 Nxe5 35. Qh4 1-0